 Dungeon Crawl Stone Soup version 0.20.1-1-g8b1a95d (webtiles) character file.

67 Monsterracer the Firebug (level 3, 14/14 HPs)
             Began as a Felid Fire Elementalist on Sept 10, 2017.
             Quit the game on level 4 of the Dungeon.
             The game lasted 00:05:25 (3284 turns).

Monsterracer the Firebug (Felid Fire Elementalist)  Turns: 3284, Time: 00:05:26

Health: 14/14      AC:  1    Str:  4    XL:     3   Next: 98%
Magic:  8/8        EV: 18    Int: 17    God:
Gold:   222        SH:  0    Dex: 16    Spells: 0/7 levels left
                                        Lives:  0   Deaths: 1

rFire    . . .     SeeInvis +   (weapon unavailable)
rCold    . . .     Gourm    .   (shield unavailable)
rNeg     . . .     Faith    .   (armour unavailable)
rPois    .         Spirit   .   (helmet unavailable)
rElec    .         Reflect  .   (cloak unavailable)
rCorr    .         Harm     .   (gloves unavailable)
MR       +....                  (boots unavailable)
Stlth    +++.......             (no amulet)
Regen    0.1/turn               p - ring of protection from magic
MPRegen  0.2/turn               (no ring)

@: quick
A: no armour, no weapons or thrown items, stealth, claws 1, fangs 3, see
invisible, carnivore 3, speed 1, shaggy fur 1, slow metabolism 1, sharp paws
a: no special abilities


You were on level 4 of the Dungeon.
You were not hungry.

You visited 1 branch of the dungeon, and saw 4 of its levels.

You collected 222 gold pieces.

Inventory:

Jewellery
 p - a ring of protection from magic (left paw)
Scrolls
 e - 5 scrolls of remove curse {unknown}
 g - a scroll of fear {unknown}
 i - 3 scrolls of identify {unknown}
 l - a scroll of teleportation {unknown}
 m - 2 scrolls of amnesia {unknown}
 n - a scroll of magic mapping {unknown}
 o - a scroll of enchant weapon {unknown}
Potions
 d - 2 potions of curing
 f - a potion of heal wounds {unknown}
 h - a potion of resistance {unknown}
 j - a potion of might {unknown}
 k - 2 potions of degeneration {unknown}
 q - 2 potions of ambrosia {unknown}
Books
 a - a book of Flames

   Spells                             Type                      Level
   a - Flame Tongue                   Conjuration/Fire             1
   b - Throw Flame                    Conjuration/Fire             2
   c - Conjure Flame                  Conjuration/Fire             3
   d - Inner Flame                    Hexes/Fire                   3
   e - Sticky Flame                   Conjuration/Fire             4
   f - Fireball                       Conjuration/Fire             5
Comestibles
 b - 3 meat rations
 c - a royal jelly


   Skills:
 - Level 2.6 Dodging
 - Level 2.6 Stealth
 + Level 2.8 Spellcasting
 * Level 2.8 Conjurations
 * Level 3.8 Fire Magic


You couldn't memorise any spells.
You knew the following spells:

 Your Spells              Type           Power        Failure   Level  Hunger
a - Flame Tongue          Conj/Fire      ##...        4%          1    #......
b - Conjure Flame         Conj/Fire      ##......     14%         3    ###....
c - Sticky Flame          Conj/Fire      ##......     41%         4    #####..


Dungeon Overview and Level Annotations

Branches:
Dungeon (4/15)
 Temple: D:4-7

Altars:
Elyvilon
Xom

Annotations:
D:4 vatarom's ghost, amateur DrWz


Innate Abilities, Weirdness & Mutations

You cannot wear armour.
You are incapable of wielding weapons or throwing items.
Your paws allow you to move quietly. (Stealth)
You have sharp claws.
You have razor-sharp teeth.
You have supernaturally acute eyesight. (SInv)
You are carnivorous and can eat meat at any time.
You cover ground quickly.
You are covered in fur. (AC +1)
You have a slow metabolism.
Your sharp claws are effective at attacking unaware monsters.


Message History

Casting: Flame Tongue
Confirm with . or Enter, or press ? or * to list all spells.
Aiming: Sticky Flame
Press: ? - help, Shift-Dir - straight line, f/p - vatarom's ghost
Aim: vatarom's ghost, wielding a weapon of electrocution (lightly damaged)
The sticky flame hits vatarom's ghost.
Vatarom's ghost is moderately damaged.
Vatarom's ghost hits you.
* * * LOW HITPOINT WARNING * * *
Huge Dmg: -33%(-6hp) hp: 17%(3hp)
Casting: Sticky Flame
Confirm with . or Enter, or press ? or * to list all spells.
You don't have enough magic to cast that spell.
Unknown command.
Vatarom's ghost points at you and mumbles some strange words.
The magic dart hits you!
You die...
You are now level 3!
You rejoin the land of the living...
Are you sure you want to abandon this character and quit the game? (Confirm with "yes".)

#......# #...|..# #......#
#......# #########......#
##.......#......#
#........#......#
#........'......#
#...@....#......#
####..######......#
#.....#...........#
##....#...........#
#....#...........#
#....#...........#
#....#...........#
#################...........#
....................#########


There were no monsters in sight!

Vanquished Creatures
  An iguana (D:3)
  5 adders (D:2)
  An ooze (D:1)
  An adder skeleton (D:4)
  A worm (D:3)
  A dart slug (D:3)
  A leopard gecko (D:4)
  2 orcs
  A ball python (D:1)
  A giant cockroach (D:2)
  4 goblins (D:2)
  8 hobgoblins
  7 bats
  7 frilled lizards
  7 kobolds
  4 rats
52 creatures vanquished.

Notes
Turn   | Place    | Note
-------+----------+-------------------------------------------
     0 | D:1      | Monsterracer the Felid Fire Elementalist began the quest for the Orb.
     0 | D:1      | Reached XP level 1. HP: 7/7 MP: 4/4
     4 | D:1      | Reached skill level 1 in Conjurations
   178 | D:1      | Reached XP level 2. HP: 11/11 MP: 0/6
   360 | D:1      | Reached skill level 3 in Fire Magic
  1062 | D:2      | Reached XP level 3. HP: 14/14 MP: 4/7
  1068 | D:2      | Learned a level 3 spell: Conjure Flame
  1809 | D:2      | Found a shimmering altar of Xom.
  1810 | D:2      | Found a shimmering altar of Xom.
  1812 | D:2      | Found a shimmering altar of Xom.
  1893 | D:2      | Reached XP level 4. HP: 15/18 MP: 4/8
  1970 | D:2      | HP: 9/18 [poisoned by an adder]
  1978 | D:2      | HP: 8/18 [poisoned by an adder]
  2943 | D:4      | Found a white marble altar of Elyvilon.
  3022 | D:4      | Learned a level 4 spell: Sticky Flame
  3261 | D:4      | Noticed vatarom's ghost (amateur DrWz)
  3279 | D:4      | HP: 6/18 [vatarom's ghost/magic dart (5)]
  3283 | D:4      | Killed from afar by vatarom's ghost
  3284 | D:4      | Reached XP level 3. HP: -3/14 MP: 3/8
  3284 | D:4      | Quit the game

Skill      XL: |  1  2  3 |
---------------+----------+-----
Conjurations   | 1 2 |  2.8
Fire Magic     | 3 |  3.8
Dodging        | |  2.6
Stealth        | |  2.6
Spellcasting   | |  2.8

Action                   |  1- 3 |  4- 6 || total
-------------------------+-------+-------++-------
Melee: Unarmed           |       |     3 ||     3
       Bite              |       |     1 ||     1
 Cast: Flame Tongue      |    66 |    44 ||   110
       Conjure Flame     |       |     1 ||     1
       Sticky Flame      |       |     1 ||     1
  Use: Potion            |       |     1 ||     1
  Eat: Chunk             |    10 |     2 ||    12
Armor: Skin              |     1 |     1 ||     2
Dodge: Dodged            |    20 |    14 ||    34
